 Dungeon Crawl Stone Soup version 0.26-a0-812-g31a745ddcd (webtiles) character file.

Game seed: 2509152195634818016

14 Morbidden the Grave Robber (level 2, 0/19 HPs)
             Began as a Demonspawn Necromancer on Nov 13, 2020.
             Slain by a jackal (1 damage)
             ... on level 2 of the Dungeon.
             The game lasted 00:00:39 (755 turns).

Morbidden the Grave Robber (Demonspawn Necromancer)  Turns: 755, Time: 00:00:40

Health: 0/19       AC:  2    Str:  8    XL:     2   Next: 27%
Magic:  1/5        EV: 12    Int: 16    God:
Gold:   27         SH:  0    Dex: 13    Spells: 4/5 levels left

rFire    . . .     SeeInvis .   (no weapon)
rCold    . . .     Faith    .   (no shield)
rNeg     . . .     Spirit   .   a - +0 robe
rPois    .         Reflect  .   (helmet restricted)
rElec    .         Harm     .   (no cloak)
rCorr    .         Rampage  .   (no gloves)
MR       .....     Rnd*Tele +   (no boots)
Stlth    +.........             (no amulet)
HPRegen  0.06/turn              b - ring of teleportation (curse)
MPRegen  0.09/turn              c - ring of attention (curse)

@: no status effects
A: horns 1
a: no special abilities


You were on level 2 of the Dungeon.
You visited 1 branch of the dungeon, and saw 2 of its levels.

You collected 27 gold pieces.

Inventory:

Armour
 a - a +0 robe (worn)
Jewellery
 b - a cursed ring of teleportation (left hand)
 c - a cursed ring of attention (right hand)
 f - an uncursed ring of fire {unknown}
Scrolls
 e - a scroll of amnesia {unknown}
 g - 3 scrolls of fear {unknown}
 i - 2 scrolls of remove curse {unknown}
 j - a scroll of enchant weapon {unknown}
Potions
 d - a potion of attraction {unknown}
 h - a potion of curing {unknown}
 k - a potion of lignification {unknown}


   Skills:
 + Level 1.8 Dodging
 + Level 1.8 Stealth
 * Level 2.0 Spellcasting
 * Level 4.9 Necromancy


You had 4 spell levels left.
You knew the following spells:

 Your Spells              Type           Power        Failure   Level
a - Pain                  Necr           ###.         2%          1

Your spell library contained the following spells:

 Spells                   Type           Power        Failure   Level
 Animate Skeleton         Necr           ###...       2%          1
 Vampiric Draining        Necr           ###.......   8%          3
 Animate Dead             Necr           ###.......   26%         4
 Agony                    Necr           ###.....     58%         5


Dungeon Overview and Level Annotations

Branches:
Dungeon (2/15)

Altars:


Innate Abilities, Weirdness & Mutations

You have a pair of small horns on your head.


Message History

The jackal bites you. The jackal misses you.
The jackal bites you but does no damage.
The jackal pauses to sniff the ground.
The jackal bites you.
* * * LOW HITPOINT WARNING * * *
The jackal bites you.
* * * LOW HITPOINT WARNING * * *
There is a stone staircase leading down here.
You can't go up here!
The jackal closely misses you. The jackal barely misses you.
You climb downwards.
There is a stone staircase leading up here.
Casting: Pain (safe; 2% risk of failure)
Confirm with . or Enter, or press ? or * to list all spells.
Aiming: Pain (safe; 2% risk of failure)
Press: ? - help, Shift-Dir - straight line, f - jackal
Aim: a jackal (chance to defeat MR: 87%)
The jackal writhes in agony.
The jackal bites you.
You die...

###
..#
#.#
#h#
#@#
###


You could see a jackal.

Vanquished Creatures
  2 bats (D:1)
  A giant cockroach (D:1)
  A goblin (D:1)
  4 jackals (D:1)
  A frilled lizard (D:1)
  3 rats (D:1)
12 creatures vanquished.

Notes
Turn   | Place    | Note
-------+----------+-------------------------------------------
     0 | D:1      | Morbidden the Demonspawn Necromancer began the quest for
                  | the Orb.
     0 | D:1      | Reached XP level 1. HP: 13/13 MP: 3/3
   337 | D:1      | Gained mutation: You have a pair of small horns on your
                  | head. [demonic ancestry]
   337 | D:1      | Reached XP level 2. HP: 19/19 MP: 3/5
   755 | D:2      | Slain by a jackal

Illustrated notes

Levels and vault maps discovered:
D:1:      matt_arrival_diagonals, layout_basic, minmay_pentomino_q2
D:2:      layout_basic, elyvilon_altar_5, overflow_temple_1_default,
          minmay_3d_cube, uniq_crazy_yiuf_cottage

Action                   || total
-------------------------++-------
Melee: Unarmed           ||     2
 Cast: Pain              ||    20
Armor: Robe              ||     2
Dodge: Dodged            ||    14

Table legend: (Time is in decaauts)
 A = Elapsed time spent in this place.
 B = Non-inter-level travel time spent in this place.
 C = Inter-level travel time spent in this place.
 D = Time resting spent in this place.
 E = Time spent auto-exploring this place.
 F = Levels seen in this place.
 G = Mean time per level.
                   A        B        C        D        E       F      G
               +--------+--------+--------+--------+--------+-----+--------+
         Total |    753 |    753 |      0 |      0 |    688 |   2 |  376.5 |
       Dungeon |    753 |    753 |      0 |      0 |    688 |   2 |  376.5 |
               +--------+--------+--------+--------+--------+-----+--------+

Top non-repeatable levels by time:
     D:1: 753 daAuts
     D:2: 0 daAuts
